 Dungeon Crawl Stone Soup version 0.22.1-1-ga44c0e5 (webtiles) character file.

51 n0claF the Conjurer (level 3, 0/19 HPs)
             Began as a Deep Elf Conjurer on Sept 21, 2018.
             Succumbed to Terence's poison
             ... on level 2 of the Dungeon.
             The game lasted 00:04:15 (1175 turns).

n0claF the Conjurer (Deep Elf Conjurer)             Turns: 1175, Time: 00:04:15

Health: 0/19       AC:  2    Str:  5    XL:     3   Next: 57%
Magic:  8/10       EV: 13    Int: 20    God:
Gold:   89         SH:  0    Dex: 15    Spells: 9/10 levels left

rFire    . . .     SeeInvis .   k - +2 dagger (drain)
rCold    . . .     Gourm    .   (no shield)
rNeg     . . .     Faith    .   a - +0 robe
rPois    .         Spirit   .   (no helmet)
rElec    .         Reflect  .   (no cloak)
rCorr    .         Harm     .   (no gloves)
MR       .....                  (no boots)
Stlth    ++........             (no amulet)
HPRegen  0.06/turn              (no ring)
MPRegen  0.12/turn              (no ring)

@: lethally poisoned (0 -> -15)
A: no striking features
a: no special abilities


You were on level 2 of the Dungeon.
You were not hungry.

You visited 1 branch of the dungeon, and saw 2 of its levels.

You collected 89 gold pieces.

Inventory:

Hand Weapons
 k - a +2 dagger of draining (weapon)
   (You took it off a goblin on level 2 of the Dungeon)
Armour
 a - a +0 robe (worn)
Jewellery
 m - a +5 ring of intelligence {unknown}
   (You found it on level 2 of the Dungeon)
Scrolls
 i - a scroll of identify {@r1}
Potions
 c - a potion of degeneration {unknown}
 d - a potion of resistance
 f - a potion of cancellation {unknown}
 g - a potion of curing {unknown}
 h - a potion of mutation {unknown}
Comestibles
 e - a ration {!d}
 l - 3 chunks of flesh


   Skills:
 + Level 3.0 Dodging
 - Level 2.4 Stealth
 * Level 4.1 Spellcasting
 * Level 5.0 Conjurations


You had 9 spell levels left.
You knew the following spells:

 Your Spells              Type           Power        Failure   Level  Hunger
a - Magic Dart            Conj           ###.         1%          1    None

Your spell library contained the following spells:

 Spells                   Type           Power        Failure   Level  Hunger
 Searing Ray              Conj           ###...       2%          2    #......
 Dazzling Spray           Conj/Hex       ##....       14%         3    ###....
 Iskenderun's Mystic Bla  Conj           ###.....     16%         4    ####...
 Force Lance              Conj/Tloc      ##......     41%         4    ####...
 Fulminant Prism          Conj/Hex       ##........   41%         4    ####...


Dungeon Overview and Level Annotations

Branches:
Dungeon (2/15)

Altars:

Annotations:
D:2 Terence


Message History

* * * LOW HITPOINT WARNING * * *
You feel sick.
* * * LOW HITPOINT WARNING * * *
You feel sick.
* * * LOW HITPOINT WARNING * * *
You feel sick.
* * * LOW HITPOINT WARNING * * *
You feel sick.
* * * LOW HITPOINT WARNING * * *
You feel sick.
* * * LOW HITPOINT WARNING * * *
You feel sick.
* * * LOW HITPOINT WARNING * * *
You feel sick.
Terence bares his teeth.
* * * LOW HITPOINT WARNING * * *
You feel sick.
It was a potion of heal wounds.
You feel much better.
You feel sick.
You feel sick.
You are no longer poisoned.
You see here 22 arrows.
Terence looks scornfully at you.
Aim: Terence, wielding a trident of venom and wearing a glowing chain mail The magic dart hits Terence.
Terence closely misses you.
Aim: Terence, wielding a trident of venom and wearing a glowing chain mail The magic dart hits Terence.
Terence barely misses you.
Aim: Terence, wielding a trident of venom and wearing a glowing chain mail The magic dart hits Terence.
Terence hits you from afar with a trident of venom.
You are lethally poisoned!
You feel sick.
* * * LOW HITPOINT WARNING * * *
You feel sick.
* * * LOW HITPOINT WARNING * * *
You feel sick.
As you read the scroll labeled QISECK QYST, it crumbles to dust.
You feel blessed for a moment.
It was a scroll of remove curse.
* * * LOW HITPOINT WARNING * * *
You feel sick. Terence misses you.
* * * LOW HITPOINT WARNING * * *
You feel sick.
Terence hits you from afar with a trident of venom.
* * * LOW HITPOINT WARNING * * *
You are more poisoned.
Some of the chunks of flesh in your inventory have rotted away.
As you read the scroll labeled TIOQOE XAPONO, it crumbles to dust.
It is a scroll of identify.
d - a potion of resistance You die...

#. ## #. #. ##. # #. #..
..##.########### #.# .#
#..............# #@# #.#
###..#..#.######.## #.. #..
..#..#..#.#####...#####.# #..
#.#..#....@..(..#.#...... #.#
#.#..#..@..##...#...####. #.#
#.#..##.#.....###..## ##
#.#######)#..##รท#.###...#)#####
#............##.#.# ##..#.#...#
#.#######.##.##.#.####.......#
..# #.##.##............### ..#
#.##...........##.## ..#
#.#######.##### #..### ..# #.#
.# #....##


You could see Terence.

Vanquished Creatures
  An adder (D:2)
  An ooze (D:1)
  A dart slug (D:1)
  A giant cockroach (D:1)
  9 goblins
  3 hobgoblins
  7 jackals
  2 kobolds (D:1)
  2 bats (D:1)
  A frilled lizard (D:1)
  4 rats (D:1)
32 creatures vanquished.

Notes
Turn   | Place    | Note
-------+----------+-------------------------------------------
     0 | D:1      | n0claF the Deep Elf Conjurer began the quest for the Orb.
     0 | D:1      | Reached XP level 1. HP: 10/10 MP: 6/6
   171 | D:1      | Reached XP level 2. HP: 15/15 MP: 0/8
   654 | D:1      | Reached XP level 3. HP: 19/19 MP: 8/10
   981 | D:2      | Reached skill level 5 in Conjurations
  1132 | D:2      | Noticed Terence
  1175 | D:2      | Succumbed to Terence's poison

Skill      XL: |  1  2  3 |
---------------+----------+-----
Dodging        | 3 |  3.0
Spellcasting   | 4 |  4.1
Conjurations   | 5 |  5.0
Stealth        | |  2.4

Action                   || total
-------------------------++-------
Melee: Unarmed           ||     4
 Cast: Magic Dart        ||    62
  Use: Scroll            ||     2
       Potion            ||     1
  Eat: Chunk             ||     1
Armor: Robe              ||     2
Dodge: Dodged            ||     9
